 Dungeon Crawl Stone Soup version 0.19.1 (webtiles) character file.

86727 JeffiDaFish the Blocker (level 15, 0/98 HPs)
             Began as a Gargoyle Fighter on Dec 19, 2016.
             Was the Champion of Makhleb.
             Killed by divine providence
             ... invoked by an orc priest
              (11 damage)
             ... on level 1 of the Orcish Mines.
             The game lasted 00:59:43 (18984 turns).

JeffiDaFish the Blocker (Gargoyle Fighter)         Turns: 18984, Time: 00:59:44

Health: 0/98       AC: 42    Str: 22    XL:     15   Next: 88%
Magic:  26/26      EV:  5    Int: 17    God:    Makhleb [******]
Gold:   1289       SH: 19    Dex: 16    Spells: 1 memorised, 25 levels left

rFire  + . .     SeeInvis .     D - +2 demon whip "Onioteot" {freeze, Dex+4}
rCold  + . .     Gourm    .     F - +4 plate armour {rF+}
rNeg   + . .     Faith    +     L - +0 large shield
rPois  ∞         Spirit   .     v - +2 hat {Int+3}
rElec  +         Reflect  .     e - +0 cloak
rCorr  +         Harm     .     (no gloves)
MR     ++...                    s - +1 pair of boots
Stlth  ..........               G - amulet of faith
                                E - ring of the Trilobite {rCorr rC+ MR+ Int+4}
                                h - +5 ring of protection

@: about to teleport, flying
A: big wings, horns 1, negative energy resistance 1, electricity resistance,
unbreathing, petrification resistance, rot immunity, AC +11
a: Stop Flying, Minor Destruction, Lesser Servant of Makhleb, Major Destruction,
Greater Servant of Makhleb, Renounce Religion


You were on level 1 of the Orcish Mines.
You worshipped Makhleb.
Makhleb was exalted by your worship.
You were hungry.

You visited 4 branches of the dungeon, and saw 24 of its levels.
You also visited: Ice Cave.

You collected 1529 gold pieces.
You spent 240 gold pieces at shops.

Inventory:

Hand Weapons
 w - a +9 flail of crushing
 D - the +2 demon whip "Onioteot" (weapon) {freeze, Dex+4}
   (You acquired it on level 10 of the Dungeon)

   It has been specially enchanted to freeze those struck by it, causing extra
   injury to most foes and up to half again as much damage against particularly
   susceptible opponents.
   It can also slow down cold-blooded creatures.
   It affects your dexterity (+4).
Armour
 e - a +0 cloak (worn)
 s - a +1 pair of boots (worn)
 v - a +2 hat of intelligence (worn)
 F - a +4 plate armour of fire resistance (worn)
 L - a +0 large shield (worn)
Jewellery
 h - a +5 ring of protection (left hand)
 E - the ring of the Trilobite (right hand) {rCorr rC+ MR+ Int+4}
   (You found it on level 10 of the Dungeon)

   [ring of resist corrosion]

   It affects your intelligence (+4).
   It protects you from cold.
   It affects your resistance to hostile enchantments.
 G - an amulet of faith (around neck)
Wands
 y - a wand of hasting (7/9)
Scrolls
 a - 2 scrolls of fog
 k - 5 scrolls of magic mapping
 m - a scroll of silence
 o - 10 scrolls of remove curse
 q - 4 scrolls of teleportation
 u - 2 scrolls of identify
 x - 2 scrolls of amnesia
Potions
 b - 3 potions of agility
 d - 3 potions of might
 i - a potion of cancellation
 j - a potion of ambrosia
 n - 3 potions of brilliance
 p - 11 potions of curing
 A - 3 potions of flight
 I - 2 potions of haste
 K - 4 potions of magic
Books
 t - a book of Flames

   Spells                             Type                      Level
   a - Flame Tongue                   Conjuration/Fire             1
   b - Throw Flame                    Conjuration/Fire             2
   c - Conjure Flame                  Conjuration/Fire             3
   d - Inner Flame                    Hexes/Fire                   3
   e - Sticky Flame                   Conjuration/Fire             4
   f - Fireball                       Conjuration/Fire             5
 H - a book of Maledictions

   Spells                             Type                      Level
   a - Corona                         Hexes                        1
   b - Ensorcelled Hibernation        Hexes/Ice                    2
   c - Confuse                        Hexes                        3
   d - Tukima's Dance                 Hexes                        3
   e - Dazzling Spray                 Conjuration/Hexes            3
Comestibles
 f - 8 bread rations
 g - 11 meat rations
 l - 4 beef jerkies
 r - 25 fruits
 B - 8 slices of pizza


   Skills:
 * Level 13.0 Fighting
 * Level 12.4 Maces & Flails
 * Level 13.2 Armour
 - Level 0.2 Dodging
 - Level 0.2 Stealth
 * Level 13.3 Shields
 + Level 7.8 Spellcasting
 + Level 9.1 Conjurations
 + Level 8.5 Fire Magic


You had 25 spell levels left.
You knew the following spells:

 Your Spells              Type           Power        Failure   Level  Hunger
a - Sticky Flame          Conj/Fire      #####...     97%         4    ###....


Dungeon Overview and Level Annotations

Branches:
Dungeon (15/15) Temple (1/1) D:7 Lair (6/6) D:11 Shoals (0/4) Lair:3 Spider (0/4) Lair:4 Slime (0/5) Lair:6 Orc (2/2) D:12 Elf (0/3) Orc:2 Vaults (0/5) D:12 D:13 Depths (0/5) D:15

Altars:
Ashenzari
Cheibriados
Elyvilon
Hepliaklqana
Makhleb
Okawaru
Qazlal
Ru
Sif Muna
Uskayaw
Vehumet
Xom
Zin
The Shining One
Jiyva

Shops:
D:6 (   D:9 }(   D:13 *   D:15 *   Orc:2 [(*

Portals:
Hell: Lair:6


Innate Abilities, Weirdness & Mutations

You are resistant to torment.
Your stone body is resilient. (AC +11)
You are immune to poison.
Your large and strong wings let you fly indefinitely.
You resist negative energy. (rN+)
You are resistant to electric shocks. (rElec)
You can survive without breathing.
You are immune to petrification.
You are immune to rotting.
You have a pair of small horns on your head.


Message History

The warg bites you!
* * * LOW HITPOINT WARNING * * *
An orc and an orc sorcerer come into view.
You feel much better.
The orc sorcerer shouts!
The orc shouts!
You block the warg's attack. You block the orc warrior's attack.
The orc warrior hits you from afar with a trident!
* * * LOW HITPOINT WARNING * * *
The orc warrior hits you but does no damage.
You block the warg's attack. Something hits you but does no damage.
The orc warlord roars a battlecry!
The orc warrior goes into a battle-frenzy!
The orc hits you but does no damage. The warg bites you but does no damage.
An orc wizard comes into view. It is wielding a dagger.
As you read the scroll of teleportation, it crumbles to dust.
You feel strangely unstable.
The orc shouts! x2
The orc priest invokes the aid of Beogh against you.
Beogh smites you!
You die...

.#......o... o
........o.. o#
.#..........o##
#..O...ooo#o...
......Oo.#.....
.....oOToo.....
##....ooho.....
.....oo@oo.....
......h)......#
........o......
.......T.......
...............
..#..o.......#.
. #............
...o....#....


You could see an orc warlord, 2 trolls, 2 wargs, 2 orc sorcerers, 5 orc
warriors, 3 ogres, 2 orc priests, 3 orc wizards and 10 orcs.

Vanquished Creatures
  Gastronok (D:8)
  An orc warlord (Orc:2)
  Louise (D:14)
  A dire elephant (Lair:6)
  The ghost of micr0chasm the Cleaver, a journeyman DDFi of Elyvilon (D:11)
  Harold (D:11)
  Fannar (D:11)
  11 hydras
  4 centaur warriors
  5 dancing weapons (D:13)
  6 death yaks (Lair:6)
  3 tengu warriors
  2 orc high priests (Orc:2)
  A sun demon (Lair:6)
  A deep troll (D:15)
  A wizard (Lair:6)
  3 skeletal warriors (D:14)
  A flayed ghost (D:12)
  2 unseen horrors (D:10)
  2 orc knights
  6 hill giants
  A harpy (Lair:3)
  A necromancer (IceCv)
  A manticore (D:13)
  4 orc sorcerers (Orc:2)
  3 ugly things
  A deep elf mage (D:13)
  3 cyclopes
  5 elephants
  A salamander (shapeshifter) (D:14)
  2 centaur zombies (D:10)
  Maurice (D:11)
  A black mamba (Lair:5)
  4 ice statues (IceCv)
  A torpor snail (Lair:4)
  A smoke demon (Lair:6)
  4 orange demons (Lair:6)
  4 centaur skeletons
  A kobold demonologist (D:13)
  3 gargoyles
  9 spiny frogs
  3 rime drakes
  A hellwing (Lair:6)
  2 freezing wraiths (D:14)
  A yaktaur (D:15)
  6 ice devils
  2 tengu conjurers
  4 trolls
  3 red devils (Lair:6)
  3 meliai (D:14)
  2 two-headed ogres
  Grinder (D:6)
  8 blink frogs
  A hornet (D:10)
  A polar bear (Lair:6)
  11 hippogriffs
  A meliai zombie (D:14)
  5 slime creatures (D:13)
  8 dream sheep
  3 wraiths
  A wyvern (D:9)
  4 hogs (D:7)
  28 yaks
  4 basilisks (Lair:6)
  3 vampire mosquitoes (D:14)
  17 humans
  4 hungry ghosts
  Edmund (D:6)
  2 mottled dragons (D:15)
  2 wargs (Orc:1)
  A soldier ant (D:12)
  11 water moccasins
  Duvessa (D:5)
  5 porcupines
  A floating eye (D:10)
  13 orc warriors
  A sky beast (D:6)
  2 eyes of draining
  2 phantoms
  A necrophage (D:10)
  14 ice beasts
  9 ogres
  A black bear (shapeshifter) (D:15)
  2 black bears
  3 centaurs
  5 crocodiles
  13 wolves
  A big kobold (D:8)
  10 bullfrogs
  Dowan (D:5)
  5 scorpions
  6 killer bees (D:10)
  4 howler monkeys
  5 wights (D:6)
  11 crimson imps
  2 quasits
  A draconian simulacrum (IceCv)
  3 bullfrog skeletons
  4 bullfrog zombies
  11 orc priests
  2 iguanas
  Crazy Yiuf (D:2)
  6 hounds
  7 jellies
  19 orc wizards
  Ijyb (D:3)
  Terence (D:3)
  6 hell rats (Lair:5)
  10 worker ants
  5 troll simulacra (IceCv)
  A spriggan simulacrum (IceCv)
  2 centaur simulacra (IceCv)
  A hound skeleton (D:10)
  A worker ant zombie (D:7)
  7 gnolls
  23 adders
  A naga simulacrum (IceCv)
  5 shadow imps
  3 oozes
  An adder zombie (D:10)
  2 adder skeletons
  A worm (D:5)
  2 dart slugs
  6 leopard geckos
  70 orcs
  10 giant cockroaches
  9 goblins
  10 hobgoblins
  7 jackals
  6 quokkas
  3 ball pythons
  6 bats
  6 frilled lizards
  14 kobolds
  A leopard gecko skeleton (D:5)
  A quokka zombie (D:5)
  4 rats
  2 fungi (D:5)
  5 plants
655 creatures vanquished.

Vanquished Creatures (others)
  An orc wizard (D:11)
  32 fungi
  7 plants (Lair:6)
40 creatures vanquished.

Grand Total: 695 creatures vanquished

Notes
Turn   | Place    | Note
-------+----------+-------------------------------------------
     0 | D:1      | JeffiDaFish the Gargoyle Fighter began the quest for the Orb.
     0 | D:1      | Reached XP level 1. HP: 14/14 MP: 1/1
   100 | D:1      | Reached XP level 2. HP: 14/19 MP: 2/2
   526 | D:1      | Reached XP level 3. HP: 24/24 MP: 3/3
  1045 | D:2      | Gained mutation: You have a pair of small horns on your head. [potion of mutation]
  1045 | D:2      | Gained mutation: You possess an exceptional clarity of mind. [potion of mutation]
  1045 | D:2      | Lost mutation: You possess an exceptional clarity of mind. [potion of mutation]
  1536 | D:2      | Found a runed door.
  1540 | D:2      | Noticed Crazy Yiuf
  1553 | D:2      | Paralysed by Crazy Yiuf for 5 turns
  1560 | D:2      | Killed Crazy Yiuf
  1560 | D:2      | Reached XP level 4. HP: 29/29 MP: 2/4
  2007 | D:3      | Reached XP level 5. HP: 32/33 MP: 5/5
  2115 | D:3      | Noticed Ijyb
  2131 | D:3      | Killed Ijyb
  2370 | D:3      | Noticed Terence
  2379 | D:3      | Killed Terence
  2464 | D:3      | Reached XP level 6. HP: 27/39 MP: 4/6
  2861 | D:4      | Learned a level 4 spell: Sticky Flame
  3154 | D:5      | Entered Level 5 of the Dungeon
  3258 | D:5      | Noticed an ice beast
  3269 | D:5      | Killed an ice beast
  3275 | D:5      | Noticed Dowan
  3276 | D:5      | Noticed Duvessa
  3288 | D:5      | Killed Duvessa
  3288 | D:5      | Reached skill level 1 in Spellcasting
  3288 | D:5      | Reached skill level 1 in Fire Magic
  3288 | D:5      | Reached XP level 7. HP: 41/44 MP: 6/8
  3296 | D:5      | Killed Dowan
  3296 | D:5      | Reached skill level 5 in Shields
  3296 | D:5      | Reached skill level 1 in Conjurations
  3786 | D:5      | Reached skill level 5 in Fighting
  3786 | D:5      | Reached skill level 5 in Maces & Flails
  3790 | D:5      | Reached XP level 8. HP: 49/49 MP: 10/10
  3908 | D:6      | Reached skill level 5 in Armour
  3939 | D:6      | Noticed Grinder
  4013 | D:6      | Paralysed by Grinder for 5 turns
  4023 | D:6      | Killed Grinder
  4063 | D:6      | Noticed Edmund
  4072 | D:6      | Killed Edmund
  4205 | D:6      | Reached XP level 9. HP: 55/55 MP: 10/12
  4259 | D:6      | Found Etwa's Antique Weapon Shop.
  4303 | D:6      | Got a heavily runed ivory ring
  4307 | D:6      | Identified the ring "Wisu" {Int+3 Stlth-} (You took it off an orc on level 6 of the Dungeon)
  4842 | D:7      | Found a staircase to the Ecumenical Temple.
  4852 | Temple   | Entered the Ecumenical Temple
  4941 | Temple   | Became a worshipper of Makhleb the Destroyer
  5476 | D:8      | Reached XP level 10. HP: 63/63 MP: 14/14
  5534 | D:8      | Reached * piety under Makhleb
  5543 | D:8      | Noticed Gastronok
  5559 | D:8      | Killed Gastronok
  6188 | D:9      | Found Fifuuc's Antique Weapon Shoppe.
  6196 | D:9      | Bought a glowing morningstar for 240 gold pieces
  6339 | D:9      | Reached ** piety under Makhleb
  6345 | D:9      | Found Varec's Quality Used Wands.
  6414 | D:9      | Reached XP level 11. HP: 68/68 MP: 17/17
  6648 | D:10     | Entered Level 10 of the Dungeon
  6785 | D:10     | Identified a scroll of acquirement
  6786 | D:10     | Got a slimy demon whip
  6787 | D:10     | Identified the +2 demon whip "Onioteot" {freeze, Dex+4} (You acquired it on level 10 of the Dungeon)
  6928 | D:10     | Killed an unseen horror
  6988 | D:10     | Reached skill level 5 in Conjurations
  6991 | D:10     | Noticed a brown ugly thing
  6998 | D:10     | Killed a brown ugly thing
  7038 | D:10     | Paralysed by a floating eye for 3 turns
  7052 | D:10     | Reached *** piety under Makhleb
  7071 | D:10     | Got a glittering ivory ring
  7073 | D:10     | Identified the ring of the Trilobite {rCorr rC+ MR+ Int+4} (You found it on level 10 of the Dungeon)
  7296 | D:10     | Killed an unseen horror
  7377 | D:10     | Reached skill level 5 in Fire Magic
  7728 | D:11     | Noticed Fannar
  7728 | D:11     | Noticed a hill giant
  7738 | D:10     | Killed a hill giant
  7787 | D:11     | Killed Fannar
  7787 | D:11     | Reached skill level 5 in Spellcasting
  7787 | D:11     | Reached XP level 12. HP: 60/76 MP: 17/19
  7801 | D:11     | Noticed Maurice
  7816 | D:11     | Killed Maurice
  7889 | D:11     | Found a staircase to the Lair.
  7906 | D:11     | Got a citrine-encrusted chain mail
  7917 | D:11     | Identified the +7 chain mail of Roic {*Slow rF++ Int-3 Dex+3} (You took it off an orc on level 11 of the Dungeon)
  7972 | D:11     | Found a frozen archway.
  7991 | D:11     | Reached **** piety under Makhleb
  8007 | IceCv    | Entered an ice cave
  8113 | IceCv    | Reached skill level 10 in Shields
  8290 | IceCv    | Got an ichor-stained helmet
  8446 | D:11     | Reached skill level 10 in Fighting
  8446 | D:11     | Reached skill level 10 in Armour
  8453 | D:11     | Noticed micr0chasm's ghost (journeyman DDFi)
  8482 | D:11     | Killed micr0chasm's ghost
  8743 | D:11     | Noticed Harold
  8758 | D:11     | Killed Harold
  8849 | Lair:1   | Entered Level 1 of the Lair of Beasts
  8941 | Lair:1   | Reached ***** piety under Makhleb
  9274 | Lair:1   | Noticed a five-headed hydra
  9282 | Lair:1   | Killed a five-headed hydra
  9556 | Lair:2   | Reached skill level 10 in Maces & Flails
  9578 | Lair:2   | Reached XP level 13. HP: 79/83 MP: 17/21
 10302 | Lair:3   | Got a polished double sword
 10310 | Lair:3   | Identified the +3 double sword of Prudence {vamp, Str+3 Int-5} (You acquired it on level 3 of the Lair of Beasts)
 10511 | Lair:3   | Found a staircase to the Shoals.
 11215 | Lair:4   | Found a hole to the Spider Nest.
 11575 | Lair:4   | Identified the +1 helmet of the Slightly Bent {rElec rC+ Int-3} (You found it in an ice cave)
 12750 | Lair:6   | Entered Level 6 of the Lair of Beasts
 12872 | Lair:6   | Gained mutation: Your large and strong wings let you fly indefinitely. [Gargoyle growth]
 12872 | Lair:6   | Reached XP level 14. HP: 90/90 MP: 23/23
 12906 | Lair:6   | Noticed a dire elephant
 12932 | Lair:6   | Killed a dire elephant
 13037 | Lair:6   | Found a burning altar of Makhleb.
 13144 | Lair:6   | Found a gateway to Hell.
 13341 | Lair:6   | Reached ****** piety under Makhleb
 13738 | Lair:6   | Found a runed door.
 13738 | Lair:6   | Found a viscous altar of Jiyva.
 13739 | Lair:6   | Found a staircase to the Slime Pits.
 14360 | D:12     | Found a staircase to the Orcish Mines.
 14843 | D:13     | Found a gate to the Vaults.
 15034 | D:13     | Reached XP level 15. HP: 97/97 MP: 25/25
 15171 | D:13     | Found Quic's Demolitions Depot.
 15599 | D:13     | Found a large runed door.
 15600 | D:13     | Found a large runed door.
 16460 | D:14     | Noticed Louise
 16498 | D:14     | Killed Louise
 16961 | D:14     | Identified the +5 quarterstaff "Jumuan" {holy, +Fly} (You found it on level 14 of the Dungeon)
 17099 | D:14     | Found a snail-covered altar of Cheibriados.
 17237 | D:15     | Entered Level 15 of the Dungeon
 17240 | D:15     | Found a white marble altar of Elyvilon.
 17473 | D:15     | Found Keapsaz's Assorted Antiques.
 17585 | D:15     | Found a glowing golden altar of the Shining One.
 17841 | D:15     | Found a staircase to the Depths.
 18173 | Orc:1    | Entered Level 1 of the Orcish Mines
 18399 | Orc:2    | Entered Level 2 of the Orcish Mines
 18400 | Orc:2    | Found Fiulat's General Store.
 18466 | Orc:2    | Noticed an orc warlord
 18500 | Orc:2    | Found Gaesed's Antique Weapon Emporium.
 18500 | Orc:2    | Found a staircase to the Elven Halls.
 18507 | Orc:1    | Noticed an orc warlord
 18906 | Orc:2    | Killed an orc warlord
 18948 | Orc:2    | Found Uwoehosyant's Antique Armour Emporium.
 18982 | Orc:1    | HP: 2/98 [warg (8)]
 18984 | Orc:1    | Killed from afar by an orc priest

Skill      XL: |  1  2  3  4  5  6  7  8  9 10 11 12 13 14 15 |
---------------+----------------------------------------------+-----
Fighting       | 4 5 7 8 9 10 11 12 13 | 13.0
Maces & Flails | 3 4 5 6 8 10 11 12 | 12.4
Shields        | 4 5 6 7 8 9 10 11 12 13 | 13.3
Armour         | 4 5 6 8 9 10 11 12 13 | 13.2
Spellcasting   | 1 2 3 4 5 6 7 |  7.8
Fire Magic     | 1 2 3 4 5 6 7 8 |  8.5
Conjurations   | 1 2 3 4 5 6 7 8 9 |  9.1
Dodging        | |  0.2
Stealth        | |  0.2

Action                   |  1- 3 |  4- 6 |  7- 9 | 10-12 | 13-15 || total
-------------------------+-------+-------+-------+-------+-------++-------
Melee: Flail             |   177 |   116 |   135 |   375 |    45 ||   848
       Headbutt          |     7 |    32 |    65 |   209 |   447 ||   760
       Morningstar       |       |    83 |   234 |       |       ||   317
       Demon whip        |       |       |       |   431 |  1664 ||  2095
       Double sword      |       |       |       |       |     4 ||     4
 Abil: Fly               |       |       |       |       |     1 ||     1
  Use: Scroll            |     5 |     6 |     1 |     6 |    17 ||    35
       Potion            |     3 |     7 |       |     1 |     3 ||    14
  Eat: Chunk             |     2 |     7 |     7 |    12 |    29 ||    57
       Bread ration      |       |       |     1 |       |       ||     1
       Fruit             |       |       |       |       |     7 ||     7
       Pizza             |       |       |       |       |     2 ||     2
Armor: Chain mail        |    95 |       |       |       |       ||    95
       Scale mail        |     9 |       |       |       |       ||     9
       Plate armour      |    11 |   157 |   250 |   617 |   972 ||  2007
Dodge: Dodged            |    42 |    33 |    52 |   151 |   270 ||   548
Block: Shield            |    90 |   123 |   216 |   504 |   751 ||  1684
       Large shield      |       |       |       |       |   369 ||   369
